 Dungeon Crawl Stone Soup version 0.29-a0-284-gf9362112df (webtiles) character file.

Game seed: 17960831389423486995

11 Hubjo the Vexing (level 2, -4/20 HPs)
             Began as a Demonspawn Enchanter on Mar 16, 2022.
             Frozen to death by an endoplasm (5 damage)
             ... on level 1 of the Dungeon.
             The game lasted 00:00:30 (657 turns).

Hubjo the Vexing (Demonspawn Enchanter)              Turns: 657, Time: 00:00:31

Health: -4/20      AC:  2    Str:  8    XL:     2   Next: 13%
Magic:  5/5        EV: 12    Int: 16    God:
Gold:   27         SH:  4    Dex: 13    Spells: 5/5 levels left

rFire   . . .      SeeInvis .   a - +1 dagger
rCold   . . .      Faith    .   (no shield)
rNeg    . . .      Spirit   .   b - +0 robe
rPois   .          Reflect  .   (no helmet)
rElec   .          Harm     .   (no cloak)
rCorr   .          Rampage  .   (no gloves)
Will    .....                   (no boots)
Stlth   ++........              (no amulet)
HPRegen 0.06/turn               (no ring)
MPRegen 0.09/turn               (no ring)

@: flying
A: condensation shield
a: no special abilities


You were on level 1 of the Dungeon.
You visited 1 branch of the dungeon, and saw 1 of its levels.

You collected 27 gold pieces.

Inventory:

Hand Weapons
 a - a +1 dagger (weapon)
Armour
 b - a +0 robe (worn)
Scrolls
 d - a scroll of immolation {unknown}
 e - a scroll of amnesia {unknown}
Potions
 c - 2 potions of invisibility
 f - a potion of flight


   Skills:
 * Level 0.9 Fighting
 - Level 0.8 Short Blades
 - Level 1.7 Dodging
 * Level 3.0 Stealth
 + Level 2.1 Spellcasting
 + Level 3.1 Hexes


You had 5 spell levels left.
You didn't know any spells.
Your spell library contained the following spells:

 Spells                   Type           Power      Damage    Failure   Level
 Ensorcelled Hibernation  Hex/Ice        12%        N/A       16%         2
 Confusing Touch          Hex            11%        N/A       17%         3
 Tukima's Dance           Hex            11%        N/A       17%         3
 Dazzling Flash           Conj/Hex       12%        N/A       32%         3
 Portal Projectile        Hex/Tloc       12%        N/A       32%         3
 Stone Arrow              Conj/Erth      2%         3d7       52%         3
 Animate Armour           Summ/Erth      2%         N/A       90%         4
 Blade Hands              Tmut           0%         N/A       99%         5
 Excruciating Wounds      Necr           0%         N/A       99%         5
 Lehudib's Crystal Spear  Conj/Erth      0%         10d2      100%        8


Dungeon Overview and Level Annotations

Branches:
Dungeon (1/15)

Altars:


Innate Abilities, Weirdness & Mutations

A meltable shield of frost defends you. (SH +4)


Message History

The hobgoblin is almost dead.
You block the endoplasm's attack.
The hobgoblin hits you but does no damage.
You hit the hobgoblin but do no damage.
The hobgoblin is almost dead.
You hit the hobgoblin but do no damage.
The hobgoblin is almost dead.
The hobgoblin barely misses you.
The endoplasm hits you but does no damage.
You hit the hobgoblin but do no damage.
The hobgoblin is almost dead.
The endoplasm freezes you.
You are frozen.
The hobgoblin misses you.
You hit the hobgoblin.
You kill the hobgoblin!
The endoplasm freezes you.
You are frozen.
Your Stealth skill increases to level 3!
You barely miss the quokka. The quokka bites you. The endoplasm hits you.
The quokka closely misses you.
You are too injured to fight recklessly!
You are too injured to fight recklessly!
You are too injured to fight recklessly!
You are too injured to fight recklessly!
You are too injured to fight recklessly!
You are too injured to fight recklessly!
You hit the endoplasm but do no damage. The endoplasm freezes you.
You are frozen.
The quokka bites you.
* * * LOW HITPOINT WARNING * * *
You hit the endoplasm.
The endoplasm is severely wounded.
The endoplasm barely misses you. The quokka bites you.
* * * LOW HITPOINT WARNING * * *
It was a potion of flight.
You feel very buoyant.
You fly up into the air.
The quokka misses you. The endoplasm freezes you.
You are frozen.
You die...

##.....#
##.#.#.#
##.#.. ....
.......#
..(... ....
.......#
#.#.. #..#
.......#
#....##..#
.# .......#.
#.....#..#
.# #........
.....#..# .#
..#######
#.rJ..##.###
###
#@.>...... #
##..#.###
##.#.# #...#
##..# #..#
#..######
#........
#..######


You could see an endoplasm and a quokka.

Vanquished Creatures
  An endoplasm (D:1)
  A giant cockroach (D:1)
  2 hobgoblins (D:1)
  3 kobolds (D:1)
  A bat (D:1)
  A frilled lizard (D:1)
9 creatures vanquished.

Notes
Turn   | Place    | Note
-------+----------+-------------------------------------------
     0 | D:1      | Hubjo the Demonspawn Enchanter began the quest for the Orb.
     0 | D:1      | Reached XP level 1. HP: 13/13 MP: 3/3
   227 | D:1      | Gained mutation: A meltable shield of frost defends you.
                  | (SH +4) [demonic ancestry]
   227 | D:1      | Reached XP level 2. HP: 7/20 MP: 5/5
   583 | D:1      | Found a faded altar of an unknown god.
   656 | D:1      | HP: 1/20 [quokka (4)]
   657 | D:1      | Frozen to death by an endoplasm

Illustrated notes

Levels and vault maps discovered:
D:1:      minmay_arrival_semitransparent, layout_basic,
          dreamdust_ecumenical_altar_grove, serial_park_tiny_2,
          chequers_serial_rivers_room_a, minmay_large_rounded_square,
          minmay_split_cup_small

Skill      XL: |  1  2 |
---------------+-------+-----
Stealth        | 3 |  3.0
Fighting       | |  0.9
Short Blades   | |  0.8
Dodging        | |  1.7
Spellcasting   | |  2.1
Hexes          | |  3.1

Action                   || total
-------------------------++-------
Melee: Dagger            ||    40
  Use: Potion            ||     1
 Stab: Sleeping          ||     2
Armor: Robe              ||     3
Dodge: Dodged            ||    25
Block: Other             ||     2

Table legend: (Time is in decaauts)
 A = Elapsed time spent in this place.
 B = Non-inter-level travel time spent in this place.
 C = Inter-level travel time spent in this place.
 D = Time resting spent in this place.
 E = Time spent auto-exploring this place.
 F = Levels seen in this place.
 G = Mean time per level.
                   A        B        C        D        E       F      G
               +--------+--------+--------+--------+--------+-----+--------+
         Total |    655 |    655 |      0 |      0 |    568 |   1 |  655.0 |
       Dungeon |    655 |    655 |      0 |      0 |    568 |   1 |  655.0 |
               +--------+--------+--------+--------+--------+-----+--------+

Top non-repeatable levels by time:
     D:1: 655 daAuts
